 Dungeon Crawl Stone Soup version 0.30-a0-748-ge6a52f7cba (webtiles) character file.

Game seed: 3891733489142041082

98 Newt the Shooter (level 5, -6/35 HPs)
             Began as a Kobold Hunter on Feb 8, 2023.
             Killed by divine providence
             ... invoked by an orc priest
              (12 damage)
             ... on level 3 of the Dungeon.
             The game lasted 00:01:59 (1565 turns).

Newt the Shooter (Kobold Hunter)                    Turns: 1565, Time: 00:02:00

Health: -6/35      AC:  5    Str:  4    XL:     5   Next: 0%
Magic:  5/5        EV: 14    Int: 11    God:
Gold:   76         SH:  0    Dex: 20    Spells: 4/4 levels left

rFire   . . .      SeeInvis .    a - +0 shortbow (drain)
rCold   + + +      Faith    +    (shield currently unavailable)
rNeg    . . .      Spirit   .    n - +2 leather armour "Qygoet" {rPois rC+++ Will- Str-4}
rPois   +          Reflect  .    (no helmet)
rElec   .          Harm     .    (no cloak)
rCorr   .          Rampage  .    (no gloves)
Will    .....                    (no boots)
Stlth   +++                      g - amulet of faith
HPRegen 0.25/turn                (no ring)
MPRegen 0.09/turn                (no ring)

@: no status effects
A: small, no large weapons, nightstalker 3
a: no special abilities


You were on level 3 of the Dungeon.
You visited 1 branch of the dungeon, and saw 3 of its levels.

You collected 76 gold pieces.

Inventory:

Hand Weapons
 a - a +0 shortbow of draining (weapon)
Armour
 c - a +0 leather armour
 n - the +2 leather armour "Qygoet" (worn) {rPois rC+++ Will- Str-4}
   (You found it on level 2 of the Dungeon)

   Str:       It affects your strength (-4).
   rC:        It renders you almost immune to cold.
   rPois:     It protects you from poison.
   Will:      It decreases your willpower.
Jewellery
 g - an amulet of faith (around neck)
Wands
 i - a wand of digging (5)
Scrolls
 b - 2 scrolls of immolation
 e - 3 scrolls of teleportation
Potions
 d - a potion of brilliance
 h - 2 potions of flight
 j - 2 potions of curing


   Skills:
 - Level 5.0 Fighting
 + Level 5.6 Ranged Weapons
 - Level 2.4 Dodging
 - Level 1.3 Stealth


You had 4 spell levels left.
You didn't know any spells.
Your spell library was empty.

Dungeon Overview and Level Annotations

Branches:
Dungeon (3/15)

Altars:
Dithmenos


Innate Abilities, Weirdness & Mutations

You are small and have problems with some larger weapons.
You are completely attuned to the shadows.


Message History

You shoot an arrow. The orc wizard misses you.
You shoot an arrow.
The orc wizard hits you with a +0 dagger.
An orc comes into view.
It is wielding a +0 hand axe of flaming.
The orc priest calls upon Beogh to heal the orc wizard.
The orc wizard is healed somewhat.
The orc wizard hits you but does no damage.
You shoot an arrow.
The orc priest calls down the wrath of Beogh upon you.
Beogh smites you!
The orc wizard hits you with a +0 dagger.
The orc priest mumbles some strange prayers to Beogh against you.
Pain shoots through your body!
* * * LOW HITPOINT WARNING * * *
The orc wizard points at you and mumbles some strange words.
The magic dart hits you.
* * * LOW HITPOINT WARNING * * *
You bump into the rock wall.
You clumsily bash the orc wizard but do no damage.
The orc wizard is moderately wounded.
The orc priest hits you but does no damage.
The orc wizard hits you with a +0 dagger.
* * * LOW HITPOINT WARNING * * *
You are too confused!
You feel less confused.
The orc priest calls down the wrath of Beogh upon you.
You barely resist.
The orc wizard mumbles some strange words.
The orc wizard flickers and vanishes!
Deactivating autopickup; reactivate with Ctrl-A.
Unknown command.
You feel better.
You hear some strange, mumbled words.
A magic dart appears from out of thin air!
The magic dart hits you!
* * * LOW HITPOINT WARNING * * *
The orc misses you.
The orc priest invokes the aid of Beogh against you.
Beogh smites you!
You die...

##.#...
#########....#
#........<...#
#.#######..###
#.# ##... #.#
#.#.# #####.#
#.#.. ......#
###.@# ####..#
#...{o#
#.#).o#
#.......
.<....###
#.##.##


You could see an orc priest and an orc.

Vanquished Creatures
  Jessica (D:2)
  An orc wizard (D:3)
  An adder (D:2)
  A dart slug (D:2)
  3 bats (D:1)
  3 endoplasms
  3 goblins
  2 hobgoblins (D:2)
  3 jackals (D:2)
  2 quokkas
  3 ball pythons (D:2)
  2 frilled lizards (D:2)
  6 kobolds
  5 rats
36 creatures vanquished.

Notes
Turn   | Place    | Note
-------+----------+-------------------------------------------
     0 | D:1      | Newt the Kobold Hunter began the quest for the Orb.
     0 | D:1      | Reached XP level 1. HP: 12/12 MP: 1/1
    84 | D:1      | Reached XP level 2. HP: 18/18 MP: 2/2
   605 | D:2      | Reached XP level 3. HP: 24/24 MP: 3/3
   644 | D:2      | Found a shadowy altar of Dithmenos.
   737 | D:2      | Noticed Jessica
   739 | D:2      | Killed Jessica
   740 | D:2      | Reached XP level 4. HP: 30/30 MP: 4/4
   891 | D:2      | Identified the +2 leather armour "Qygoet" {rPois rC+++
                  | Will- Str-4}
  1552 | D:3      | Reached skill level 5 in Fighting
  1552 | D:3      | Reached XP level 5. HP: 31/35 MP: 5/5
  1565 | D:3      | Killed from afar by an orc priest

Illustrated notes

Levels and vault maps discovered:
D:1:      minmay_arrival_three_doors, layout_rooms
D:2:      layout_loops_ring, basic_altar, uniq_jessica
D:3:      layout_loops_corners, basic_ecumenical_altar

Skill      XL: |  1  2  3  4 |
---------------+-------------+-----
Fighting       | 3 4 5 |  5.0
Ranged Weapons | |  5.6
Dodging        | |  2.4
Stealth        | |  1.3

Action                     |  1- 3 |  4- 6 || total
---------------------------+-------+-------++-------
  Melee: Shortbow          |       |     1 ||     1
   Fire: Shortbow          |    55 |    38 ||    93
    Use: Scroll            |     2 |     6 ||     8
         Potion            |       |     1 ||     1
 Armour: Leather armour    |     1 |     4 ||     5
  Dodge: Dodged            |    19 |     9 ||    28

Table legend: (Time is in decaauts)
 A = Elapsed time spent in this place.
 B = Non-inter-level travel time spent in this place.
 C = Inter-level travel time spent in this place.
 D = Time resting spent in this place.
 E = Time spent auto-exploring this place.
 F = Levels seen in this place.
 G = Mean time per level.
                   A        B        C        D        E       F      G
               +--------+--------+--------+--------+--------+-----+--------+
         Total |   1591 |   1537 |     54 |    200 |   1105 |   3 |  530.3 |
       Dungeon |   1591 |   1537 |     54 |    200 |   1105 |   3 |  530.3 |
               +--------+--------+--------+--------+--------+-----+--------+

Top non-repeatable levels by time:
     D:2: 747 daAuts
     D:1: 583 daAuts
     D:3: 260 daAuts
